 Dungeon Crawl Stone Soup version 0.28.0 (webtiles) character file.

Game seed: 9276258502113930943

1097 anonymouscript the Grave Robber (level 8, -2/64 HPs)
             Began as a Deep Dwarf Necromancer on Feb 12, 2022.
             Was a Believer of Dithmenos.
             Shot with an arrow by a centaur (10 damage)
             ... on level 5 of the Dungeon.
             The game lasted 00:33:42 (4114 turns).

anonymouscript the Grave Robber (DDNe)              Turns: 4114, Time: 00:33:44

Health: -2/64      AC:  4    Str: 11    XL:     8   Next: 10%
Magic:  9/10       EV: 13    Int: 17    God:    Dithmenos [**....]
Gold:   155        SH:  0    Dex: 15    Spells: 5/14 levels left

rFire   . . .      SeeInvis .   c - +1 short sword (protect)
rCold   . . .      Faith    .   k - orb {*Rage}
rNeg    . . .      Spirit   .   b - +0 leather armour
rPois   .          Reflect  .   (no helmet)
rElec   .          Harm     .   (no cloak)
rCorr   +          Rampage  .   (no gloves)
Will    +....      Rage     20% h - +0 pair of boots
Stlth   ++++......              l - amulet of magic regeneration
HPRegen 0.00/turn               i - ring of resist corrosion
MPRegen 0.52/turn               (no ring)

@: on berserk cooldown, slowed, wreathed by umbra, studying Unarmed Combat, very
slow
A: damage resistance, heal wounds, sense surroundings 1, no regeneration
a: Heal Wounds, Renounce Religion, Shadow Step


You were on level 5 of the Dungeon.
You worshipped Dithmenos.
Dithmenos was pleased with you.
You visited 1 branch of the dungeon, and saw 5 of its levels.

You collected 155 gold pieces.

Inventory:

Hand Weapons
 c - a +1 short sword of protection (weapon)
 m - a +2 spear of flaming
 q - a +0 club
 s - a +0 dagger
Missiles
 p - 6 poisoned darts
Armour
 a - a +0 robe
 b - a +0 leather armour (worn)
 e - a scarf of harm
 h - a +0 pair of boots (worn)
 k - an orb of wrath (worn)
Magical Staves
 j - a staff of conjuration
Jewellery
 i - a ring of resist corrosion (left hand)
 l - an amulet of magic regeneration (around neck)
Wands
 n - a wand of acid (3)
 w - a wand of flame (23)
Scrolls
 f - a scroll of fear {unknown}
 g - a scroll of enchant weapon {unknown}
 r - a scroll of immolation {unknown}
 u - a scroll of teleportation {unknown}
Potions
 d - a potion of mutation {unknown}
 o - a potion of attraction {unknown}
 t - a potion of heal wounds
 x - a potion of cancellation {unknown}


   Skills:
 + Level 1.5 Fighting
 - Level 0.9(1.5) Short Blades
 + Level 2.2(2.3) Long Blades
 + Level 0.4 Staves
 + Level 4.3 Dodging
 + Level 5.3 Stealth
 + Level 3.6 Spellcasting
 * Level 7.3 Necromancy
 * Level 3.1 Evocations


You had 5 spell levels left.
You knew the following spells:

 Your Spells              Type           Power      Damage    Failure   Level
a - Pain                  Necr           100%       1d9       1%          1
b - Animate Skeleton      Necr           56%        N/A       1%          1
c - Vampiric Draining     Necr           28%        2d8       3%          3
d - Animate Dead          Necr           14%        N/A       11%         4

Your spell library contained the following spells:

 Spells                   Type           Power      Damage    Failure   Level
 Agony                    Necr           28%        N/A       28%         5
 Borgnjor's Revivificati  Necr           14%        N/A       100%        8
 Necromutation            Tmut/Necr      7%         N/A       100%        8
 Death's Door             Necr           14%        N/A       100%        9


Dungeon Overview and Level Annotations

Branches:
Dungeon (5/15)
 Temple: D:4-7

Altars:
Ashenzari
Dithmenos
Elyvilon
Gozag
Yredelemnul

Shops:
D:4 *


Innate Abilities, Weirdness & Mutations

You are resistant to damage.
You can heal yourself by infusing magical energy.
You passively map a small area around you.
You do not regenerate.


Message History

The centaur wields a +0 shortbow.
The centaur shoots an arrow.
The arrow hits your jackal skeleton!
Your jackal skeleton is destroyed!
The centaur hits the plant with a +0 short sword!
The centaur kicks the plant.
The centaur hits the plant.
The centaur kicks the plant.
The iguana barely misses you.
The centaur shoots an arrow.
The arrow misses you.
The centaur hits the plant with a +0 short sword!
The plant begins to die.
The centaur kicks the plant.
The quokka bites you.
* * * LOW HITPOINT WARNING * * *
The iguana misses you.
The centaur unwields a +0 shortbow.
The centaur barely misses you. x2
Aiming: Shadow Step
Press: ? - help, Dir - move target, f - black bear, p - centaur
Aim: a black bear (umbra)
You step into the black bear's shadow.
A nearby plant withers and dies. x2
The centaur is no longer covered in acid.
The centaur closely misses you. The centaur completely misses you.
The centaur wields a +0 shortbow.
The centaur shoots an arrow.
The arrow hits you.
* * * LOW HITPOINT WARNING * * *
The black bear barely misses you.
The black bear claws you but does no damage.
The black bear barely misses you. The quokka bites you.
The black bear misses you. The black bear closely misses you.
The black bear completely misses you.
Your magical essence is drained by the effort!
You feel much better.
The centaur hits you with a +0 short sword!
* * * LOW HITPOINT WARNING * * *
The centaur kicks you but does no damage.
The centaur hits you with a +0 short sword.
* * * LOW HITPOINT WARNING * * *
The centaur barely misses you. The quokka closely misses you.
The black bear closely misses you.
The black bear claws you but does no damage.
The black bear claws you.
* * * LOW HITPOINT WARNING * * *
The iguana closely misses you.
The centaur shoots an arrow.
The arrow hits you!
You die...

, #..P.PPP.P......#
*#..P.....P......# 8
.##..P.._..P.)....#
*
*.....P.....P......#
.....P.PPP.P...(..#
#................# *
#..P...PPP......# ,
##..$.ch.........# ,
+.....@lc.########
#......r..#*, *
#......c...# ,* ,
##...##....#, , *
*#... #...## , ,*
...?) #...# ,,
...... #.... , .....
#....., , , #.... ,


You could see a black bear, 3 centaurs, an iguana and a quokka.

Vanquished Creatures
  Grinder (D:3)
  An ice beast (D:4)
  A black bear (D:4)
  2 ogres
  A phantom (D:5)
  A scorpion (D:4)
  A killer bee (D:4)
  2 hounds
  Ijyb (D:3)
  2 iguanas
  A bullfrog skeleton (D:5)
  A howler monkey skeleton (D:5)
  3 gnolls (D:2)
  5 adders
  A shadow imp (D:5)
  An ufetubus (D:4)
  An adder skeleton (D:4)
  2 dart slugs
  6 orcs (D:3)
  5 ball pythons
  5 bats
  6 endoplasms
  6 giant cockroaches
  8 goblins
  7 hobgoblins
  9 jackals
  8 kobolds
  4 quokkas
  4 frilled lizards
  2 rats
98 creatures vanquished.

Vanquished Creatures (others)
  An orc wizard (D:3)
  3 plants (D:5)
4 creatures vanquished.

Grand Total: 102 creatures vanquished

Notes
Turn   | Place    | Note
-------+----------+-------------------------------------------
     0 | D:1      | anonymouscript the Deep Dwarf Necromancer began the quest
                  | for the Orb.
     0 | D:1      | Reached XP level 1. HP: 15/15 MP: 3/3
   203 | D:1      | Reached XP level 2. HP: 10/22 MP: 0/4
   757 | D:1      | Reached skill level 1 in Long Blades
   919 | D:2      | Found a faded altar of an unknown god.
   929 | D:2      | Reached XP level 3. HP: 28/28 MP: 5/5
   973 | D:2      | Prayed at the altar of an unknown god.
   973 | D:2      | Became a worshipper of Dithmenos the Shadowed
   973 | D:2      | Reached * piety under Dithmenos
  1189 | D:2      | Reached XP level 4. HP: 23/36 MP: 4/6
  1478 | D:4      | Found Pet Voja's General Store.
  1836 | D:4      | Reached ** piety under Dithmenos
  1945 | D:4      | Noticed a black bear
  1959 | D:4      | Killed a black bear
  1960 | D:4      | Reached skill level 5 in Necromancy
  1960 | D:4      | Reached XP level 5. HP: 6/43 MP: 5/8
  2135 | D:4      | Learned a level 1 spell: Animate Skeleton
  2184 | D:4      | Reached XP level 6. HP: 43/50 MP: 6/8
  2225 | D:4      | Reached skill level 5 in Stealth
  2324 | D:4      | Noticed an ice beast
  2417 | D:3      | Found an opulent altar of Gozag.
  2424 | D:3      | Learned a level 3 spell: Vampiric Draining
  2534 | D:3      | Noticed Grinder
  2543 | D:3      | Paralysed by Grinder for 6 turns
  2568 | D:3      | Killed Grinder
  2569 | D:3      | Reached skill level 1 in Fighting
  2569 | D:3      | Reached skill level 1 in Evocations
  2569 | D:3      | Reached XP level 7. HP: 22/57 MP: 9/9
  2787 | D:3      | Reached skill level 6 in Necromancy
  2915 | D:3      | Noticed Ijyb
  2929 | D:3      | Killed Ijyb
  3401 | D:4      | Found a white marble altar of Elyvilon.
  3778 | D:5      | Entered Level 5 of the Dungeon
  3808 | D:4      | Learned a level 4 spell: Animate Dead
  3860 | D:5      | Reached skill level 7 in Necromancy
  3912 | D:5      | Found a broken altar of Ashenzari.
  3924 | D:5      | Found a basalt altar of Yredelemnul.
  3945 | D:5      | Reached XP level 8. HP: 44/64 MP: 12/12
  4113 | D:5      | HP: 3/64 [centaur/arrow (4)]
  4114 | D:5      | Shot with an arrow by a centaur

Illustrated notes

Levels and vault maps discovered:
D:1:      eino_arrival_cavern_e, layout_basic
D:2:      layout_rooms, hellmonk_ecumenical_altar_arch_garden,
          hangedman_abyss_or_decor_lesser_grid, kennysheep_generic_room_5
D:3:      layout_loops_ring, mainiacjoe_overflow_boulevard, serial_bayou_pond_d,
          st_stairs_1, uniq_ijyb, uniq_grinder
D:4:      minmay_clustersquares, layout_loops_ring, mainiacjoe_overflow_catwalk,
          serial_shops, nicolae_stop_n_shop_1, serial_park_tiny_1,
          grunt_ministairs_4
D:5:      layout_gridville, mainiacjoe_overflow_cross_hatched,
          ashenzari_altar_1, serial_shops, nicolae_shop_bloodbath_and_beyond,
          minmay_misc_feat_diagonals, minmay_circle_x, uniq_edmund

Skill      XL: |  1  2  3  4  5  6  7 |
---------------+----------------------+-----
Long Blades    | 1 2 |  2.2
Stealth        | 3 4 5 |  5.3
Dodging        | 3 4 |  4.3
Spellcasting   | 2 3 |  3.6
Necromancy     | 5 7 |  7.3
Fighting       | 1 |  1.5
Evocations     | 1 3 |  3.1
Short Blades   | |  0.9
Staves         | |  0.4

Action                   |  1- 3 |  4- 6 |  7- 9 || total
-------------------------+-------+-------+-------++-------
Melee: Short sword       |    78 |   119 |    61 ||   258
       Unarmed           |     4 |       |       ||     4
       Punch             |     1 |     1 |       ||     2
       Staff             |       |    10 |       ||    10
Throw: Throwing net      |       |     1 |       ||     1
 Cast: Pain              |    26 |    29 |     6 ||    61
       Animate Skeleton  |       |     1 |     1 ||     2
       Vampiric Draining |       |     3 |    13 ||    16
Invok: Shadow Step       |       |       |     1 ||     1
 Abil: Heal Wounds       |       |     1 |     2 ||     3
Evoke: Wand              |       |       |     1 ||     1
  Use: Scroll            |       |     3 |     1 ||     4
       Potion            |       |     2 |     1 ||     3
 Stab: Sleeping          |     2 |     7 |     3 ||    12
Armor: Leather armour    |    23 |    58 |    58 ||   139
Dodge: Dodged            |    77 |   145 |   106 ||   328
